TOP OF THE 1ST |
Jasper Cougars batting - Pitching for Eau Claire Esquires : LHP Rob Lucas
|
Pitching: LHP Rob Lucas
|
|
Batting: LHB Armando Torres
|
0-0: Ball 1-0: Called Strike 1-1: Ball 2-1: Foul Ball, location: 2F 2-2: Ball 3-2: Foul Ball, location: 2F 3-2: Foul Ball, location: 2F 3-2: Strikes out looking
|
Batting: RHB David Hernández
|
0-0: Swinging Strike 0-1: Swinging Strike 0-2: Fly out, F8 (Line Drive, 8LM)
|
Batting: SHB Ron Edwards
|
0-0: Ball 1-0: Fly out, F9 (Flyball, 9LM)
|
Top of the 1st over - 0 run(s), 0 hit(s), 0 error(s), 0 left on base; Jasper 0 - Eau Claire 0 |
BOTTOM OF THE 1ST |
Eau Claire Esquires batting - Pitching for Jasper Cougars : RHP José Orozco
|
Pitching: RHP José Orozco
|
|
Batting: LHB John Frost
|
0-0: Called Strike 0-1: Ball 1-1: Ball 2-1: Called Strike 2-2: Ball 3-2: Foul Ball, location: 2F 3-2: Foul Ball, location: 2F 3-2: Foul Ball, location: 2F 3-2: SINGLE (Groundball, 34)
|
Batting: RHB Javier Reyes
|
Pickoff Throw to First - Error! E1 John Frost to second 0-0: Foul Ball, location: 2F 0-1: Foul Ball, location: 2F 0-2: Strikes out looking
|
Batting: SHB António De La Cruz
|
0-0: Called Strike John Frost steals 3rd base 0-1: Foul Ball, location: 2F 0-2: Foul Ball, location: 2F 0-2: Ball 1-2: Ground out 4-3 (Groundball, 4) John Frost scores
|
Batting: RHB Félix Gonzáles
|
0-0: Called Strike 0-1: Ball 1-1: Swinging Strike 1-2: Foul Ball, location: 2F 1-2: Strikes out swinging
|
Bottom of the 1st over - 1 run(s), 1 hit(s), 1 error(s), 0 left on base; Jasper 0 - Eau Claire 1 |
TOP OF THE 2ND |
Jasper Cougars batting - Pitching for Eau Claire Esquires : LHP Rob Lucas
|
Now at 2B: José Ruíz
|
|
Batting: SHB Rafael Acosta
|
0-0: SINGLE (Line Drive, 8LS)
|
Batting: RHB Fernando Gálvez
|
0-0: Called Strike 0-1: Ball 1-1: Foul Ball, location: 2F 1-2: Fielders Choice at 2nd, 4-6 (Groundball, 4M)
|
Batting: LHB Jon Scott
|
0-0: Foul Ball, location: 2F 0-1: DOUBLE (Groundball, 3L) Fernando Gálvez to third
|
Batting: RHB José Ortega
|
0-0: Ball 1-0: Called Strike 1-1: Foul Ball, location: 2F 1-2: Foul Ball, location: 2F 1-2: Ball 2-2: Strikes out swinging
|
Batting: RHB Juan Carlos
|
0-0: Hit by Pitch
|
Batting: RHB Joe Baker
|
0-0: Ball 1-0: Called Strike 1-1: SINGLE (Line Drive, 6D) Fernando Gálvez scores Jon Scott to third Juan Carlos to second
|
Batting: LHB Armando Torres
|
0-0: Called Strike 0-1: Ground out 3-1 (Groundball, 34)
|
Top of the 2nd over - 1 run(s), 3 hit(s), 0 error(s), 3 left on base; Jasper 1 - Eau Claire 1 |
BOTTOM OF THE 2ND |
Eau Claire Esquires batting - Pitching for Jasper Cougars : RHP José Orozco
|
Batting: RHB Michael Thomas
|
0-0: Called Strike 0-1: Swinging Strike 0-2: Foul Ball, location: 2F 0-2: Ball 1-2: Foul Ball, location: 2F 1-2: Strikes out swinging
|
Batting: SHB Manuel Hegnauer
|
0-0: Called Strike 0-1: Ball 1-1: Called Strike 1-2: Ball 2-2: Ball 3-2: Strikes out swinging
|
Batting: RHB Luis Pérez
|
0-0: Foul Ball, location: 2F 0-1: Swinging Strike 0-2: SINGLE (Line Drive, 9S)
|
Batting: RHB Nelson Castro
|
0-0: Foul Ball, location: 2F 0-1: Fielders Choice at 2nd, U6 (Groundball, 6M)
|
Bottom of the 2nd over - 0 run(s), 1 hit(s), 0 error(s), 1 left on base; Jasper 1 - Eau Claire 1 |
TOP OF THE 3RD |
Jasper Cougars batting - Pitching for Eau Claire Esquires : LHP Rob Lucas
|
Batting: RHB David Hernández
|
0-0: Ground out 5-3 (Groundball, 5S)
|
Batting: SHB Ron Edwards
|
0-0: Called Strike 0-1: Ball 1-1: Foul Ball, location: 2F 1-2: Ground out 5-3 (Groundball, 5)
|
Batting: SHB Rafael Acosta
|
0-0: Ball 1-0: Called Strike 1-1: Foul Ball, location: 2F 1-2: Ball 2-2: Ball 3-2: Strikes out looking
|
Top of the 3rd over - 0 run(s), 0 hit(s), 0 error(s), 0 left on base; Jasper 1 - Eau Claire 1 |
BOTTOM OF THE 3RD |
Eau Claire Esquires batting - Pitching for Jasper Cougars : RHP José Orozco
|
Batting: RHB Esteban Lara
|
0-0: Ball 1-0: Called Strike 1-1: Swinging Strike 1-2: Strikes out swinging
|
Batting: LHB John Frost
|
0-0: Ball 1-0: Ball 2-0: Ball 3-0: Foul Ball, location: 2F 3-1: Called Strike 3-2: Foul Ball, location: 2F 3-2: Base on Balls
|
Batting: RHB José Ruíz
|
0-0: Ball 1-0: Foul Ball, location: 2F 1-1: Ball John Frost is caught stealing 2nd base 2-1: Fly out, F4 (Popup, 3D)
|
Bottom of the 3rd over - 0 run(s), 0 hit(s), 0 error(s), 0 left on base; Jasper 1 - Eau Claire 1 |
TOP OF THE 4TH |
Jasper Cougars batting - Pitching for Eau Claire Esquires : LHP Rob Lucas
|
Batting: RHB Fernando Gálvez
|
0-0: Called Strike 0-1: Swinging Strike 0-2: Foul Ball, location: 2F 0-2: Strikes out swinging
|
Batting: LHB Jon Scott
|
0-0: SINGLE (Groundball, 34)
|
Batting: RHB José Ortega
|
0-0: Called Strike 0-1: Called Strike 0-2: Ball 1-2: Strikes out swinging
|
Batting: RHB Juan Carlos
|
0-0: Ground out 6-3 (Groundball, 6)
|
Top of the 4th over - 0 run(s), 1 hit(s), 0 error(s), 1 left on base; Jasper 1 - Eau Claire 1 |
BOTTOM OF THE 4TH |
Eau Claire Esquires batting - Pitching for Jasper Cougars : RHP José Orozco
|
Batting: SHB António De La Cruz
|
0-0: Called Strike 0-1: Foul Ball, location: 2F 0-2: Foul Ball, location: 2F 0-2: DOUBLE (Flyball, 89D)
|
Batting: RHB Félix Gonzáles
|
0-0: Ground out 5-3 (Groundball, 56S) António De La Cruz to third
|
Batting: RHB Michael Thomas
|
0-0: Ball 1-0: Fly out, F4 (Popup, 4D)
|
Batting: SHB Manuel Hegnauer
|
0-0: Ground out 4-3 (Groundball, 34)
|
Bottom of the 4th over - 0 run(s), 1 hit(s), 0 error(s), 1 left on base; Jasper 1 - Eau Claire 1 |
TOP OF THE 5TH |
Jasper Cougars batting - Pitching for Eau Claire Esquires : LHP Rob Lucas
|
Batting: RHB Joe Baker
|
0-0: Called Strike 0-1: Ground out 1-3 (Groundball, 34S)
|
Batting: LHB Armando Torres
|
0-0: Ground out 1-3 (Groundball, 13)
|
Batting: RHB David Hernández
|
0-0: Called Strike 0-1: Ball 1-1: Ball 2-1: Foul Ball, location: 2F 2-2: SINGLE (Groundball, 4M)
|
Batting: SHB Ron Edwards
|
0-0: Called Strike 0-1: Foul Ball, location: 2F 0-2: Ball 1-2: Ball 2-2: Ball 3-2: Base on Balls David Hernández to second
|
Batting: SHB Rafael Acosta
|
0-0: Ball 1-0: Ball 2-0: Fly out, F8 (Flyball, 8RM)
|
Top of the 5th over - 0 run(s), 1 hit(s), 0 error(s), 2 left on base; Jasper 1 - Eau Claire 1 |
BOTTOM OF THE 5TH |
Eau Claire Esquires batting - Pitching for Jasper Cougars : RHP José Orozco
|
Batting: RHB Luis Pérez
|
0-0: Ground out 6-3 (Groundball, 6M)
|
Batting: RHB Nelson Castro
|
0-0: Ball 1-0: Called Strike 1-1: Fly out, F4 (Line Drive, 4)
|
Batting: RHB Esteban Lara
|
0-0: Ball 1-0: Foul Ball, location: 2F 1-1: Called Strike 1-2: Strikes out swinging
|
Bottom of the 5th over - 0 run(s), 0 hit(s), 0 error(s), 0 left on base; Jasper 1 - Eau Claire 1 |
TOP OF THE 6TH |
Jasper Cougars batting - Pitching for Eau Claire Esquires : LHP Rob Lucas
|
Batting: RHB Fernando Gálvez
|
0-0: Ball 1-0: Called Strike 1-1: Swinging Strike 1-2: Ground out 6-3 (Groundball, 6)
|
Batting: LHB Jon Scott
|
0-0: SINGLE (Line Drive, 56D)
|
Batting: RHB José Ortega
|
0-0: Called Strike 0-1: Ground out 5-3 (Groundball, 5) Jon Scott to second
|
Batting: RHB Juan Carlos
|
0-0: Ball Wild Pitch! Jon Scott to third 1-0: Called Strike 1-1: Called Strike 1-2: Strikes out swinging
|
Top of the 6th over - 0 run(s), 1 hit(s), 0 error(s), 1 left on base; Jasper 1 - Eau Claire 1 |
BOTTOM OF THE 6TH |
Eau Claire Esquires batting - Pitching for Jasper Cougars : RHP José Orozco
|
Batting: LHB John Frost
|
0-0: Called Strike 0-1: Ball 1-1: Called Strike 1-2: SINGLE (Line Drive, 34)
|
Batting: RHB José Ruíz
|
0-0: Called Strike 0-1: Ball 1-1: Ball 2-1: Ball 3-1: Swinging Strike 3-2: Strikes out swinging John Frost steals 2nd base Batter strikes out.
|
Pitching: RHP Bennett Greer
|
|
Batting: SHB António De La Cruz
|
0-0: Called Strike John Frost is caught stealing 3rd base 0-1: Ball 1-1: Ball 2-1: Fly out, F3 (Popup, 34S)
|
Bottom of the 6th over - 0 run(s), 1 hit(s), 0 error(s), 0 left on base; Jasper 1 - Eau Claire 1 |
TOP OF THE 7TH |
Jasper Cougars batting - Pitching for Eau Claire Esquires : LHP Rob Lucas
|
Batting: RHB Joe Baker
|
0-0: Called Strike 0-1: Ground out 6-3 (Groundball, 56)
|
Batting: LHB Armando Torres
|
0-0: Ball 1-0: Ball 2-0: Called Strike 2-1: Ball 3-1: Called Strike 3-2: Strikes out swinging
|
Batting: RHB David Hernández
|
0-0: Called Strike 0-1: Ball 1-1: Called Strike 1-2: Ground out 5-3 (Groundball, 56)
|
Top of the 7th over - 0 run(s), 0 hit(s), 0 error(s), 0 left on base; Jasper 1 - Eau Claire 1 |
BOTTOM OF THE 7TH |
Eau Claire Esquires batting - Pitching for Jasper Cougars : RHP Bennett Greer
|
Batting: RHB Félix Gonzáles
|
0-0: Ball 1-0: Called Strike 1-1: Swinging Strike 1-2: Ball 2-2: Strikes out swinging
|
Batting: RHB Michael Thomas
|
0-0: Ball 1-0: Called Strike 1-1: Ball 2-1: Ground out 4-3 (Groundball, 4)
|
Batting: SHB Manuel Hegnauer
|
0-0: Ball 1-0: Swinging Strike 1-1: Called Strike 1-2: Strikes out looking
|
Bottom of the 7th over - 0 run(s), 0 hit(s), 0 error(s), 0 left on base; Jasper 1 - Eau Claire 1 |
TOP OF THE 8TH |
Jasper Cougars batting - Pitching for Eau Claire Esquires : LHP Rob Lucas
|
Pitching: RHP Kyle Horton
|
|
Batting: SHB Ron Edwards
|
0-0: Foul Ball, location: 2F 0-1: Ball 1-1: Ball 2-1: Foul Ball, location: 2F 2-2: Ball 3-2: SINGLE (Groundball, 34D)
|
Pinch Runner at 1st George Reeves:
|
|
Pinch Hitting: LHB António Camacho
|
0-0: Foul Ball, location: 2F 0-1: Ball 1-1: SINGLE (Line Drive, 6MD) George Reeves to second
|
Batting: RHB Fernando Gálvez
|
0-0: Ball 1-0: Foul Ball, location: 2F 1-1: Swinging Strike 1-2: Ball 2-2: Foul Ball, location: 2F 2-2: Ball 3-2: Foul Ball, location: 2F 3-2: Base on Balls George Reeves to third António Camacho to second
|
Pinch Hitting: LHB Kyle Harrison
|
0-0: Called Strike 0-1: Grounds into fielders choice 6-2 (Groundball, 6) António Camacho to third Fernando Gálvez to second
|
Batting: RHB José Ortega
|
0-0: Foul Ball, location: 2F 0-1: Foul Ball, location: 2F 0-2: Strikes out looking
|
Pinch Hitting: RHB Bob Cole
|
0-0: Called Strike 0-1: Ball 1-1: Ball 2-1: Foul Ball, location: 2F 2-2: Foul Ball, location: 2F 2-2: Ball 3-2: Foul Ball, location: 2F 3-2: Strikes out looking
|
Top of the 8th over - 0 run(s), 2 hit(s), 0 error(s), 3 left on base; Jasper 1 - Eau Claire 1 |
BOTTOM OF THE 8TH |
Eau Claire Esquires batting - Pitching for Jasper Cougars : RHP Bennett Greer
|
Now at 1B: Earl Godwin
|
|
Now at 3B: Kyle Harrison
|
|
Now in LF: António Camacho
|
|
Now in CF: Joe Smith
|
|
Pinch Hitting: RHB Tony Vázquez
|
0-0: Foul Ball, location: 2F 0-1: Ball 1-1: DOUBLE (Groundball, 5L)
|
Pinch Hitting: LHB Jesús Bueno
|
0-0: Intentional Walk
|
Pinch Runner at 2nd Pancho Torres:
|
|
Pinch Hitting: SHB Jeff Chambers
|
0-0: Ball 1-0: Swinging Strike 1-1: Called Strike 1-2: Foul Ball, location: 2F 1-2: Ball 2-2: Strikes out swinging
|
Pitching: RHP Ernesto Mendoza
|
|
Batting: LHB John Frost
|
0-0: Called Strike 0-1: Ball 1-1: Ball 2-1: Fly out, F6 (Popup, 56D)
|
Pinch Hitting: LHB Pedro Díaz
|
0-0: Foul Ball, location: 2F 0-1: Ball 1-1: Ball 2-1: Foul Ball, location: 2F 2-2: Foul Ball, location: 2F 2-2: Foul Ball, location: 2F 2-2: Ground out 5-3 (Groundball, 5S)
|
Bottom of the 8th over - 0 run(s), 1 hit(s), 0 error(s), 2 left on base; Jasper 1 - Eau Claire 1 |
TOP OF THE 9TH |
Jasper Cougars batting - Pitching for Eau Claire Esquires : RHP Kyle Horton
|
Pitching: LHP Manuel Encarnación
|
|
Now at 2B: Pedro Díaz
|
|
Now at 3B: Jeff Chambers
|
|
Now in LF: Jesús Bueno
|
|
Now in RF: Pancho Torres
|
|
Batting: RHB Joe Baker
|
0-0: Ball 1-0: Called Strike 1-1: Ball 2-1: DOUBLE (Groundball, 5L)
|
Batting: LHB Armando Torres
|
0-0: Intentional Walk
|
Batting: RHB David Hernández
|
0-0: Called Strike 0-1: Ball 1-1: Bunted foul 1-2: Ball 2-2: SINGLE (Groundball, 6MD) Joe Baker to third Armando Torres to second Runner from 3rd tries for Home, SAFE, throw made home
|
Batting: RHB Earl Godwin
|
0-0: Ball 1-0: Called Strike 1-1: Called Strike David Hernández is caught stealing 2nd base 1-2: Ball 2-2: Foul Ball, location: 2F 2-2: Strikes out looking
|
Batting: LHB António Camacho
|
0-0: Ball 1-0: Foul Ball, location: 2F 1-1: Ball 2-1: Ball 3-1: Foul Ball, location: 2F 3-2: Foul Ball, location: 2F 3-2: Foul Ball, location: 2F 3-2: Foul Ball, location: 2F 3-2: Base on Balls
|
Batting: RHB Fernando Gálvez
|
0-0: Called Strike 0-1: Swinging Strike 0-2: Strikes out swinging
|
Top of the 9th over - 1 run(s), 2 hit(s), 0 error(s), 2 left on base; Jasper 2 - Eau Claire 1 |
BOTTOM OF THE 9TH |
Eau Claire Esquires batting - Pitching for Jasper Cougars : RHP Ernesto Mendoza
|
Pitching: LHP Júlio Aguilar
|
|
Batting: SHB António De La Cruz
|
0-0: Ball 1-0: Ball 2-0: Foul Ball, location: 2F 2-1: Swinging Strike 2-2: Ball 3-2: DOUBLE (Flyball, 89XD)
|
Batting: RHB Félix Gonzáles
|
0-0: Ball 1-0: Foul Ball, location: 2F 1-1: Ball 2-1: Swinging Strike 2-2: Ball 3-2: Strikes out swinging
|
Batting: RHB Michael Thomas
|
0-0: Ball 1-0: Ball 2-0: Called Strike 2-1: Swinging Strike 2-2: Strikes out swinging
|
Batting: SHB Manuel Hegnauer
|
0-0: Reached on error, E5 (Groundball, 56) António De La Cruz to third
|
Pinch Hitting: RHB John Thomas
|
0-0: Ball 1-0: Ball 2-0: Ball 3-0: Called Strike 3-1: Base on Balls Manuel Hegnauer to second
|
Pinch Hitting: RHB Jon Krohne
|
0-0: Called Strike 0-1: Ball 1-1: Ball 2-1: Ground out 6-3 (Groundball, 6)
|
Bottom of the 9th over - 0 run(s), 1 hit(s), 1 error(s), 3 left on base; Jasper 2 - Eau Claire 1 |
|